 Dungeon Crawl Stone Soup version 0.24.0-13-gcf9b3192b9 (webtiles) character file.

Game seed: 3009117018053416249, levelgen mode: deterministic

151347 Majang the Thaumaturge (level 17, -4/105 HPs)
             Began as a Gargoyle Earth Elementalist on Nov 6, 2019.
             Was the Champion of Vehumet.
             Slain by a sea snake (7 damage)
             ... on level 4 of the Shoals.
             The game lasted 03:33:07 (37816 turns).

Majang the Thaumaturge (GrEE)                      Turns: 37816, Time: 03:33:08

Health: -4/105     AC: 20    Str: 12    XL:     17   Next: 55%
Magic:  28/35      EV: 16    Int: 28    God:    Vehumet [******]
Gold:   1678       SH:  6    Dex: 10    Spells: 13/45 levels left

rFire    + + .     SeeInvis .   b - staff of energy
rCold    + . .     Gourm    .   B - +0 buckler
rNeg     + + +     Faith    .   e - +0 robe {MR+}
rPois    ∞         Spirit   .   c - +2 helmet "Wutug" {+Fly rN++ MR- Regen+}
rElec    +         Reflect  +   u - scarf {rC+ rF+}
rCorr    .         Harm     .   g - +0 pair of gloves
MR       +....                  r - +1 pair of boots
Stlth    ++........             j - +2 amulet of reflection
HPRegen  0.67/turn              C - ring of protection from fire
MPRegen  0.24/turn              w - +5 ring of intelligence

@: flying, slowed, very slow
A: big wings, negative energy resistance 1, electricity resistance, unbreathing,
petrification resistance, rot immunity, AC +12
a: Stop Flying, Renounce Religion


You were on level 4 of the Shoals.
You worshipped Vehumet.
Vehumet was exalted by your worship.
You were hungry.

You visited 5 branches of the dungeon, and saw 25 of its levels.
You also visited: Volcano.

You collected 2458 gold pieces.
You spent 780 gold pieces at shops.

Inventory:

Hand Weapons
 a - a +5 broad axe of electrocution
Missiles
 h - 285 stones (quivered)
Armour
 c - the +2 helmet "Wutug" (worn) {+Fly rN++ MR- Regen+}
   (You bought it in a shop on level 2 of the Orcish Mines)

   It greatly protects you from negative energy.
   It affects your resistance to hostile enchantments.
   It lets you fly.
   It increases your rate of regeneration.
 e - a +0 robe of magic resistance (worn)
 g - a +0 pair of gloves (worn)
 r - a +1 pair of boots (worn)
 u - a scarf of resistance (worn)
 x - a +0 cloak
 B - a +0 buckler (worn)
 I - a +3 leather armour of fire resistance
 J - a +0 cloak
 M - a +1 troll leather armour
 P - a +2 robe of cold resistance
Magical Staves
 b - an uncursed staff of energy (weapon)
Jewellery
 j - a +2 amulet of reflection (around neck)
 l - an uncursed ring of wizardry
 s - an uncursed amulet of magic regeneration
 v - an uncursed ring of protection from cold
 w - a +5 ring of intelligence (right hand)
 C - a ring of protection from fire (left hand)
 D - a +4 ring of protection
 L - a +2 ring of protection
 O - an uncursed ring of ice
Wands
 f - a wand of disintegration (28)
 R - a wand of iceblast (7)
Scrolls
 d - 2 scrolls of teleportation
 n - 2 scrolls of amnesia
 t - 3 scrolls of fog
 z - 2 scrolls of fear
 G - 8 scrolls of remove curse
 K - a scroll of summoning
 N - a scroll of magic mapping
 Q - 2 scrolls of identify
Potions
 i - 4 potions of mutation
 m - 3 potions of heal wounds
 o - 9 potions of curing
 p - 3 potions of brilliance
 A - 4 potions of might
 E - 2 potions of resistance
 F - 5 potions of ambrosia
 H - 8 potions of haste
Comestibles
 y - 38 rations


   Skills:
 + Level 11.6 Fighting
 - Level 8.0 Staves
 - Level 9.1 Dodging
 - Level 2.1 Stealth
 - Level 4.0 Shields
 * Level 14.5 Spellcasting
 + Level 12.1 Conjurations
   Level 0.7 Transmutations
 + Level 11.8 Fire Magic
 + Level 13.6 Earth Magic


You had 13 spell levels left.
You knew the following spells:

 Your Spells              Type           Power        Failure   Level  Hunger
a - Sandblast             Erth           ######       0%          1    None
b - Stone Arrow           Conj/Erth      ######       1%          3    None
c - Bolt of Fire          Conj/Fire      ######....   1%          6    None
f - Fireball              Conj/Fire      ######....   1%          5    None
i - Iron Shot             Conj/Erth      #######...   1%          6    None
l - Lee's Rapid Deconstr  Erth           #######...   1%          5    None
m - Bolt of Magma         Conj/Fire/Erth ######....   1%          5    None
t - Flame Tongue          Conj/Fire      #####        0%          1    None

Your spell library contained the following spells:

 Spells                   Type           Power        Failure   Level  Hunger
 Poison Arrow             Conj/Pois      ######....   9%          6    None
 Passwall                 Tmut/Erth      ######..     1%          2    None
 Petrify                  Tmut/Erth      ######..     1%          4    None
 Iskenderun's Battlesphe  Conj/Chrm      ######..     1%          5    None
 Venom Bolt               Conj/Pois      ######....   1%          5    None
 Confusing Touch          Hex            ###...       2%          1    None
 Orb of Destruction       Conj           ######....   4%          7    None
 Confuse                  Hex            ###.....     8%          3    None
 Gell's Gravitas          Tloc           ###.......   8%          3    None
 Bolt of Cold             Conj/Ice       ######....   9%          6    None
 Yara's Violent Unravell  Hex/Tmut       ###.......   16%         5    None
 Freezing Cloud           Conj/Ice/Air   #####.....   19%         6    None
 Ice Form                 Ice/Tmut       ###.....     22%         4    None
 Spellforged Servitor     Conj/Summ      ######....   41%         7    None
 Metabolic Englaciation   Hex/Ice        ###.......   56%         5    None
 Ozocubu's Refrigeration  Ice            ###.......   65%         6    None
 Simulacrum               Ice/Necr       ###.......   98%         6    None


Dungeon Overview and Level Annotations

Branches:
Dungeon (12/15)            Temple (1/1) D:5            Lair (6/6) D:8
 Shoals (4/4) Lair:4       Spider (0/4) Lair:4        Slime (0/5) Lair:6
    Orc (2/2) D:11            Elf (0/3) Orc:2       Volcano (visited)

Altars:
Ashenzari
Cheibriados
Dithmenos
Elyvilon
Fedhas
Gozag
Hepliaklqana
Kikubaaqudgha
Makhleb
Nemelex Xobeh
Okawaru
Qazlal
Ru
Sif Muna
Trog
Uskayaw
Vehumet
Wu Jian
Xom
Yredelemnul
Zin
The Shining One

Shops:
D:11 *   Orc:1 (   Orc:2 =(*}[


Innate Abilities, Weirdness & Mutations

You are resistant to torment.
Your stone body is resilient. (AC +12)
You are immune to poison.
Your large and strong wings let you fly indefinitely.
You resist negative energy. (rN+)
You are resistant to electric shocks. (rElec)
You can survive without breathing.
You are immune to petrification.
You are immune to rotting.


Message History

You feel your power returning. The sea snake bites you.
The sea snake bites you! x2
* * * LOW HITPOINT WARNING * * *
The satyr shoots a sling bullet.
The sling bullet hits you!
* * * LOW HITPOINT WARNING * * *
The merfolk misses you. The sea snake barely misses you.
Unknown command.
The sea snake barely misses you. x2
There is a stone staircase leading up here.
Things that are here:
a +0 quarterstaff; a +0 hunting sling; 21 stones The sea snake barely misses you.
The satyr shoots a sling bullet.
The sling bullet hits you!
* * * LOW HITPOINT WARNING * * *
The sea snake bites you but does no damage. x2
The merfolk hits you from afar with a +0 trident.
* * * LOW HITPOINT WARNING * * *
The satyr shoots a sling bullet.
The sling bullet misses you.
The sling bullet hits the plant!
The sea snake bites you!
You die...

.) ..P...P.....
#.....PP.......... ...
#.....#PP........# # ....
..P...#..........#PP
....###P..PP.............
.........PP.............P
.........................
...........).Sm......P...
...........(@Sc..((......
.......<.....c.........P.
..............).........P
........≈≈≈..(...........
.§.≈≈≈≈≈≈≈≈≈.≈........P.≈
§.§≈§≈≈≈...............≈≈
§§§≈≈≈................≈≈≈
≈§§≈≈≈..............[.≈≈≈
.≈≈≈≈≈.........


You could see a satyr, 2 sea snakes, a merfolk and a faun.

Vanquished Creatures
  2 krakens
  Frances (D:12)
  Roxanne (Shoals:3)
  An orc warlord (Orc:1)
  The ghost of Fuosour the Severer, a journeyman HOBe of Trog (D:11)
  Snorg (Orc:2)
  An ettin (Orc:1)
  2 merfolk impalers
  A fire dragon (Lair:6)
  Fannar (D:12)
  A merfolk avatar (Shoals:1)
  9 hydras
  2 catoblepae
  A satyr (Shoals:3)
  8 two-headed ogres
  3 merfolk aquamancers
  5 death yaks
  4 orc high priests
  A hell knight (Volcano)
  The ghost of Delamore the Cleaver, a novice HOMo of Beogh (D:7)
  A salamander mystic (Volcano)
  The ghost of FortyThree the Sneak, a novice GnWn of Okawaru (D:6)
  The ghost of PrinceRalsei the Grave Robber, a novice HuNe of Gozag (D:7)
  The ghost of Iskender the Covert, a novice OpCK of Xom (D:6)
  2 lindwurms (Lair:6)
  9 sea snakes
  3 orc knights
  19 harpies
  A wolf spider (Lair:4)
  4 orc sorcerers
  A deep elf mage (D:11)
  An oklob plant (Lair:6)
  6 salamanders (Volcano)
  5 ugly things
  8 cyclopes
  7 fauns
  3 manticores
  3 elephants (Lair:6)
  7 merfolk sirens
  The ghost of AlterAsc the Insei, a novice TeTm of Cheibriados (D:7)
  5 black mambas
  5 water nymphs
  A moth of wrath (D:11)
  5 torpor snails
  10 spiny frogs
  2 komodo dragons (Lair:4)
  7 hornets (Lair:6)
  5 trolls
  3 meliai (Lair:6)
  9 polar bears (Lair:6)
  Grinder (D:4)
  17 merfolk
  A queen bee (Lair:6)
  5 wind drakes
  3 tyrant leeches (Lair:6)
  8 slime creatures (D:12)
  14 blink frogs
  23 dream sheep
  3 raiju (Lair:6)
  11 hippogriffs
  10 snapping turtles
  2 wraiths (D:12)
  A vampire (D:12)
  12 yaks
  16 water elementals
  Grum (D:9)
  2 hungry ghosts (D:11)
  A steam dragon (D:8)
  3 basilisks
  8 wargs
  A soldier ant (D:11)
  12 water moccasins
  14 hell hounds (Lair:6)
  7 porcupines
  31 orc warriors
  3 phantoms
  15 black bears
  5 ice beasts
  2 necrophages
  6 sky beasts
  24 wolves
  4 ogres
  12 centaurs
  16 crocodiles
  2 big kobolds
  17 bullfrogs
  3 scorpions
  20 killer bees
  2 howler monkeys
  2 electric eels (D:12)
  2 centaur zombies
  6 crimson imps
  2 bullfrog zombies
  6 hounds
  3 jellies
  2 centaur skeletons
  10 orc priests
  14 orc wizards
  4 bullfrog skeletons
  3 iguanas
  8 worker ants
  2 howler monkey zombies
  2 worker ant zombies
  8 gnolls
  21 adders
  3 shadow imps
  A white imp (D:6)
  5 oozes
  3 adder skeletons
  An adder zombie (D:6)
  2 worms
  4 dart slugs
  A leopard gecko (D:4)
  67 orcs
  4 ball pythons
  5 giant cockroaches
  4 goblins
  9 hobgoblins
  6 jackals
  8 quokkas
  7 bats
  8 frilled lizards
  11 kobolds
  2 quokka skeletons
  5 rats
  3 fungi
  5 plants
  5 tentacles
785 creatures vanquished.

Vanquished Creatures (collateral kills)
  A crocodile (Lair:2)
1 creature vanquished.

Vanquished Creatures (others)
  A merfolk (Shoals:1)
  A vampire (D:11)
  A centaur (D:9)
  A bullfrog (D:11)
  An orc (Orc:2)
  A kobold (D:11)
  49 fungi
  52 plants
  19 tentacles
126 creatures vanquished.

Grand Total: 912 creatures vanquished

Notes
Turn   | Place    | Note
-------+----------+-------------------------------------------
     0 | D:1      | Majang the Gargoyle Earth Elementalist began the quest for
                  | the Orb.
     0 | D:1      | Reached XP level 1. HP: 10/10 MP: 3/3
     0 | D:1      | Noticed an octopode
     1 | D:1      | Noticed a vine stalker
     3 | D:1      | Noticed a gargoyle
     3 | D:1      | Noticed an ogre
     5 | D:1      | Noticed a spriggan
    10 | D:1      | Noticed a minotaur
    16 | D:1      | Noticed a felid
    16 | D:1      | Noticed a merfolk zombie
   567 | D:1      | Reached XP level 2. HP: 15/15 MP: 0/5
  1350 | D:2      | Reached XP level 3. HP: 10/19 MP: 2/7
  1520 | D:2      | Reached skill level 3 in Spellcasting
  1626 | D:2      | Learned a level 3 spell: Stone Arrow
  1851 | D:2      | Reached XP level 4. HP: 24/24 MP: 8/8
  2193 | D:2      | Found a sparkling altar of Nemelex Xobeh.
  2547 | D:3      | Reached skill level 1 in Conjurations
  2801 | D:3      | Reached XP level 5. HP: 28/28 MP: 5/10
  2808 | D:3      | Learned a level 5 spell: Lee's Rapid Deconstruction
  3056 | D:3      | Reached skill level 4 in Spellcasting
  3260 | D:3      | Found a faded altar of an unknown god.
  3305 | D:3      | Reached skill level 5 in Earth Magic
  3408 | D:3      | Reached XP level 6. HP: 31/32 MP: 2/12
  4426 | D:4      | Found a glowing golden altar of the Shining One.
  4426 | D:4      | Found a basalt altar of Yredelemnul.
  4427 | D:4      | Found a sacrificial altar of Ru.
  4885 | D:4      | Reached skill level 5 in Spellcasting
  4888 | D:4      | Reached XP level 7. HP: 23/36 MP: 3/14
  5175 | D:4      | Found a sparkling altar of Nemelex Xobeh.
  5323 | D:4      | Noticed Grinder
  5332 | D:4      | Killed Grinder
  5597 | D:4      | Found a white marble altar of Elyvilon.
  5726 | D:5      | Entered Level 5 of the Dungeon
  5768 | D:5      | Found a staircase to the Ecumenical Temple.
  5772 | Temple   | Entered the Ecumenical Temple
  5790 | Temple   | Became a worshipper of Vehumet
  6080 | D:5      | Reached skill level 6 in Spellcasting
  6080 | D:5      | Reached XP level 8. HP: 42/42 MP: 9/17
  6295 | D:5      | Found an iron altar of Okawaru.
  6352 | D:5      | Reached skill level 1 in Fighting
  6352 | D:5      | Reached skill level 1 in Staves
  6948 | D:6      | You fall into a shaft and drop 2 floors!
  7148 | D:8      | Reached skill level 1 in Shields
  7151 | D:8      | Noticed a two-headed ogre
  7469 | D:8      | Reached XP level 9. HP: 49/49 MP: 12/19
  7586 | D:8      | Reached skill level 5 in Conjurations
  7707 | D:7      | Reached * piety under Vehumet
  7707 | D:7      | Offered knowledge of Flame Tongue by Vehumet.
  7707 | D:7      | Reached skill level 7 in Spellcasting
  7710 | D:7      | Learned a level 1 spell: Flame Tongue
  8034 | D:7      | Reached skill level 1 in Fire Magic
  8144 | D:7      | Found a runed translucent gate.
  8145 | D:7      | Found a runed translucent gate.
  8146 | D:7      | Found a runed translucent gate.
  8147 | D:7      | Noticed FortyThree's ghost (novice GnWn)
  9495 | D:7      | Noticed Delamore's ghost (novice HOMo)
  9495 | D:7      | Noticed Iskender's ghost (novice OpCK)
  9495 | D:7      | Noticed AlterAsc's ghost (novice TeTm)
  9496 | D:7      | Noticed PrinceRalsei's ghost (novice HuNe)
  9649 | D:8      | Reached XP level 10. HP: 51/56 MP: 21/21
  9795 | D:8      | Killed a two-headed ogre
  9913 | D:8      | Reached skill level 8 in Spellcasting
  9974 | D:8      | Found a staircase to the Lair.
 10253 | D:8      | Reached ** piety under Vehumet
 10274 | D:8      | Offered knowledge of Shock by Vehumet.
 11114 | D:9      | Noticed a two-headed ogre
 11208 | Lair:1   | Entered Level 1 of the Lair of Beasts
 11474 | Lair:1   | Noticed a spiny frog
 11488 | Lair:1   | Killed a spiny frog
 11488 | Lair:1   | Offered knowledge of Dazzling Spray by Vehumet.
 11488 | Lair:1   | Reached skill level 5 in Fighting
 11564 | Lair:1   | Noticed a spiny frog
 11572 | Lair:1   | Killed a spiny frog
 11572 | Lair:1   | Reached XP level 11. HP: 51/63 MP: 12/23
 11768 | Lair:1   | Noticed a five-headed hydra
 11779 | Lair:1   | Killed a five-headed hydra
 11779 | Lair:1   | Reached skill level 9 in Spellcasting
 11867 | Lair:1   | Reached skill level 5 in Staves
 12450 | Lair:2   | Reached *** piety under Vehumet
 13002 | Lair:2   | You fall into a shaft and drop 1 floor!
 13003 | Lair:3   | Noticed a seven-headed hydra
 13006 | Lair:3   | Killed a seven-headed hydra
 13006 | Lair:3   | Reached skill level 5 in Dodging
 13064 | Lair:3   | Noticed a catoblepas
 13267 | Lair:3   | Noticed an eight-headed hydra
 13275 | Lair:3   | Killed an eight-headed hydra
 13275 | Lair:3   | Reached skill level 5 in Fire Magic
 13629 | Lair:3   | Reached XP level 12. HP: 39/71 MP: 21/25
 13904 | Lair:3   | Noticed a six-headed hydra
 13906 | Lair:3   | Noticed a seven-headed hydra
 13909 | Lair:3   | Killed a six-headed hydra
 13914 | Lair:3   | Killed a seven-headed hydra
 13914 | Lair:3   | Reached skill level 10 in Spellcasting
 14031 | Lair:3   | Offered knowledge of Inner Flame by Vehumet.
 14657 | Lair:3   | Killed a catoblepas
 14807 | Lair:4   | Found a dark tunnel.
 14964 | Volcano  | Entered a volcano
 15055 | Volcano  | Found a burning altar of Makhleb.
 15056 | Volcano  | Noticed a hell knight
 15233 | Volcano  | Reached skill level 10 in Earth Magic
 15433 | Volcano  | Killed a hell knight
 15786 | Lair:4   | Noticed a six-headed hydra
 15793 | Lair:4   | Killed a six-headed hydra
 15947 | Lair:4   | Found a hole to the Spider Nest.
 16308 | Lair:4   | Noticed a catoblepas
 16332 | Lair:4   | Killed a catoblepas
 16633 | Lair:4   | Reached XP level 13. HP: 76/76 MP: 22/27
 16679 | Lair:4   | Found a staircase to the Shoals.
 17197 | Lair:4   | Reached skill level 11 in Spellcasting
 18733 | Lair:5   | Reached **** piety under Vehumet
 19281 | Lair:6   | Entered Level 6 of the Lair of Beasts
 19717 | Lair:6   | Offered knowledge of Venom Bolt by Vehumet.
 20203 | Lair:6   | Found a runed translucent door.
 20203 | Lair:6   | Noticed a fire dragon
 21290 | Lair:6   | Found a staircase to the Slime Pits.
 21292 | Lair:6   | Reached ***** piety under Vehumet
 21292 | Lair:6   | Offered knowledge of Spellforged Servitor by Vehumet.
 21886 | Lair:6   | Gained mutation: Your large and strong wings let you fly
                  | indefinitely. [Gargoyle growth]
 21886 | Lair:6   | Reached XP level 14. HP: 64/84 MP: 15/29
 22653 | Lair:6   | Reached skill level 12 in Spellcasting
 23583 | Lair:6   | Reached XP level 15. HP: 90/90 MP: 31/31
 23852 | Lair:6   | Reached skill level 10 in Fire Magic
 23858 | Lair:6   | Reached skill level 10 in Conjurations
 25014 | D:9      | Found an ornate altar of the Wu Jian Council.
 25038 | D:9      | Noticed Grum
 25042 | D:9      | Killed Grum
 25238 | D:9      | Found a shimmering altar of Xom.
 25419 | D:10     | Entered Level 10 of the Dungeon
 26248 | D:11     | Found a staircase to the Orcish Mines.
 26267 | D:11     | Found Fiwios's General Store.
 26477 | D:11     | Found a transporter.
 26485 | D:11     | Found a bloodstained altar of Trog.
 26485 | D:11     | Noticed Fuosour's ghost (journeyman HOBe)
 26493 | D:11     | Identified the +5 giant club "Omoferch" {flame, rF- rN++
                  | Int+6}
 26523 | D:11     | Found a transporter.
 27473 | D:7      | Killed AlterAsc's ghost
 27474 | D:7      | Killed PrinceRalsei's ghost
 27477 | D:7      | Killed Delamore's ghost
 27556 | D:6      | Killed FortyThree's ghost
 27624 | D:6      | Killed Iskender's ghost
 27624 | D:6      | Offered knowledge of Fireball by Vehumet.
 27631 | D:6      | Learned a level 5 spell: Fireball
 27749 | Orc:1    | Entered Level 1 of the Orcish Mines
 27878 | Orc:2    | Entered Level 2 of the Orcish Mines
 27878 | Orc:2    | Found Xinofom's Antique Weapon Shoppe.
 28689 | Orc:2    | Found Fehatets's Gadget Shoppe.
 28740 | Orc:2    | Found Ycerasas's Antique Armour Shoppe.
 28749 | Orc:2    | Bought a distressingly furry helmet for 304 gold pieces
 28749 | Orc:2    | Identified the +2 helmet "Wutug" {+Fly rN++ MR- Regen+}
                  | (You bought it in a shop on level 2 of the Orcish Mines)
 28767 | Orc:2    | Noticed an orc warlord
 28810 | Orc:1    | Learned a level 6 spell: Iron Shot
 28816 | Orc:1    | Learned a level 5 spell: Bolt of Magma
 28819 | Orc:2    | Noticed Snorg
 28834 | Orc:1    | Killed an orc warlord
 28928 | Orc:2    | Killed Snorg
 29027 | Orc:2    | Paralysed by an orc sorcerer for 3 turns
 29499 | Orc:2    | Reached XP level 16. HP: 97/97 MP: 21/32
 29836 | Orc:2    | Found Kegud's Jewellery Boutique.
 29868 | Orc:2    | Found Ajoestis's General Store.
 29876 | Orc:2    | Bought a scroll of identify for 26 gold pieces
 30108 | Orc:2    | Found a staircase to the Elven Halls.
 30266 | Orc:1    | Reached skill level 10 in Fighting
 30266 | Orc:1    | Reached skill level 13 in Spellcasting
 30522 | Orc:1    | Offered knowledge of Bolt of Fire by Vehumet.
 30533 | Orc:1    | Learned a level 6 spell: Bolt of Fire
 31041 | Orc:2    | Bought an uncursed amulet of magic regeneration for 450
                  | gold pieces
 31162 | D:12     | Noticed Fannar
 31170 | D:12     | Killed Fannar
 31270 | D:12     | Noticed Frances
 31352 | D:12     | Killed Frances
 32496 | D:11     | Killed Fuosour's ghost
 32710 | Shoals:1 | Entered Level 1 of the Shoals
 32987 | Shoals:1 | Noticed a kraken
 33025 | Shoals:1 | Killed a kraken
 33592 | Shoals:1 | Offered knowledge of Bolt of Draining by Vehumet.
 34792 | Shoals:2 | Reached XP level 17. HP: 22/104 MP: 11/34
 34797 | Shoals:2 | Reached skill level 14 in Spellcasting
 35081 | Shoals:2 | Noticed a kraken
 35093 | Shoals:2 | Killed a kraken
 35101 | Shoals:2 | Reached ****** piety under Vehumet
 35775 | Shoals:3 | Noticed Roxanne
 35870 | Shoals:3 | Offered knowledge of Poison Arrow by Vehumet.
 37592 | Shoals:3 | Killed Roxanne
 37706 | Shoals:4 | Entered Level 4 of the Shoals
 37816 | Shoals:4 | HP: 3/105 [merfolk/+0 trident (6)]
 37816 | Shoals:4 | Slain by a sea snake

Levels and vault maps discovered:
D:1:      shiori_arrival_whats_in_store_for_you, layout_basic
D:2:      layout_rooms, first_ration, nemelex_spade_bored_becter
D:3:      layout_rooms, chequers_ecumenical_altar_grove, st_stairs_4,
          serial_park_tiny_2, minmay_snake_closets
D:4:      layout_cave_pools, nemelex_xobeh_ov_fountains_minmay,
          lemuel_doored_altar, gammafunk_temple_overflow_forgotten, uniq_grinder
D:5:      layout_loops_corners, lemuel_round_altar, minmay_temple_entry_grid
D:6:      layout_loops_cross, minmay_fire_ice_demons
D:7:      layout_cave_pools, gammafunk_ghost_cemetery, the_bakery
D:8:      minmay_chambers_of_sevens, layout_basic, due_lair_maze_entry_diamond,
          feat_on_display
D:9:      layout_loops_corners, lemuel_crystal_altar, kennysheep_mini,
          minmay_misc_feat_roman, uniq_grum
D:10:     layout_cave_pools
D:11:     layout_cave_pools, orc_0_dummy, gammafunk_ghost_wrathful_warriors,
          serial_shops, kennysheep_mini_moat
D:12:     layout_basic, uniq_frances, uniq_fannar
Temple:   jpeg_temple_clearing
Lair:1:   layout_misc_corridors
Lair:2:   layout_cave_shapes, serial_bayou_pond_c
Lair:3:   layout_hall_layers
Lair:4:   layout_layer_cave, minmay_shoals_entry_lonely_mermaid,
          spider_nest_entry_rubble, nicolae_volcano_entry_lava_flow
Lair:5:   layout_roguey
Lair:6:   wormcave, layout_small_grid, hangedman_lair_caniforms_friends,
          minmay_slime_entry_oklob_open, special_room [special_room_bee],
          infiniplex_staircase_pool
Shoals:1: layout_shoals
Shoals:2: layout_shoals
Shoals:3: layout_shoals, uniq_roxanne
Shoals:4: shoals_end_grunt_garden, layout_shoals
Orc:1:    layout_diamond_mine
Orc:2:    grunt_orc_gardens, layout_caves, grunt_orc_garden, grunt_orc_garden,
          grunt_orc_garden, grunt_orc_garden, serial_shops, shop,
          mines_bat_river, uniq_snorg

Skill      XL: |  1  2  3  4  5  6  7  8  9 10 11 12 13 14 15 16 17 |
---------------+----------------------------------------------------+-----
Earth Magic    | 4 5 6 7 8 9 10 11 12 13 | 13.6
Spellcasting   | 3 4 5 6 7 8 9 10 11 12 13 14 | 14.5
Conjurations   | 1 2 3 4 5 6 7 8 9 10 11 12 | 12.1
Fighting       | 2 3 5 6 7 8 9 11 | 11.6
Staves         | 2 3 4 5 6 7 8 |  8.0
Dodging        | 2 3 4 5 6 7 8 9 |  9.1
Shields        | 2 3 4 |  4.0
Fire Magic     | 2 3 5 6 7 9 10 11 | 11.8
Stealth        | |  2.1
Transmutations | |  0.7

Action                   |  1- 3 |  4- 6 |  7- 9 | 10-12 | 13-15 | 16-18 || total
-------------------------+-------+-------+-------+-------+-------+-------++-------
Melee: Unarmed           |    82 |       |       |       |       |       ||    82
       Club              |    45 |    65 |    19 |       |       |       ||   129
       Hand axe          |       |       |    66 |    98 |    27 |       ||   191
       Staff             |       |       |       |       |    55 |    10 ||    65
       Broad axe         |       |       |       |       |    92 |    74 ||   166
 Cast: Sandblast         |    34 |    25 |    35 |   113 |    78 |    69 ||   354
       Stone Arrow       |       |    62 |    94 |   141 |   192 |    53 ||   542
       Lee's Rapid Decon |       |     2 |     6 |    29 |   259 |    85 ||   381
       Bolt of Magma     |       |       |       |       |     6 |    66 ||    72
       Iron Shot         |       |       |       |       |     5 |    26 ||    31
       Flame Tongue      |       |       |       |       |     1 |       ||     1
       Fireball          |       |       |       |       |       |    94 ||    94
       Bolt of Fire      |       |       |       |       |       |     1 ||     1
 Abil: Fly               |       |       |       |       |     1 |       ||     1
Evoke: Wand              |       |       |       |     8 |     1 |     1 ||    10
       Staff of energy   |       |       |       |       |     3 |     1 ||     4
  Use: Potion            |     1 |       |       |     2 |     9 |     6 ||    18
       Scroll            |     1 |     5 |     3 |    21 |     8 |     9 ||    47
 Stab: Sleeping          |     1 |       |       |       |       |       ||     1
       Distracted        |       |       |       |       |       |     1 ||     1
  Eat: Chunk             |     3 |    15 |    18 |    21 |    30 |    21 ||   108
       Ration            |       |       |       |     2 |     3 |     1 ||     6
Armor: Robe              |    62 |    46 |    59 |    71 |       |   110 ||   348
       Leather armour    |       |       |       |    10 |   199 |       ||   209
       Troll leather arm |       |       |       |       |    47 |     8 ||    55
Dodge: Dodged            |   105 |    69 |    63 |   115 |   276 |   187 ||   815
Block: Other             |       |    11 |    15 |     2 |       |       ||    28
       Reflection        |       |       |     1 |       |    14 |    17 ||    32
       Buckler           |       |       |       |    48 |   158 |    97 ||   303
